 Dungeon Crawl Stone Soup version 0.32-a0-290-g598725c5f2 (webtiles) character file.

Game seed: 10601179667811440347

238 senseless the Ducker (level 5, -13/28 HPs)
             Began as a Felid Shapeshifter on Feb 12, 2024.
             Mangled by Edmund
             ... wielding a +3 flail of distortion
              (15 damage)
             ... on level 4 of the Dungeon on Feb 13, 2024.
             The game lasted 00:07:24 (2607 turns).

senseless the Ducker (Felid Shapeshifter)           Turns: 2607, Time: 00:07:26

Health: -13/28     AC:  1    Str: 10    XL:     5   Next: 78%
Magic:  6/6        EV: 19    Int: 13    God:
Gold:   148        SH:  0    Dex: 18    Spells: 4/4 levels left
                                        Lives:  0   Deaths: 2

rFire   . .          .
                       - Unarmed
rCold   . . .        (shield unavailable)
rNeg    . . .        (body armour unavailable)
rPois   +            (helmet unavailable)
rElec   .            (cloak unavailable)
rCorr   .            (gloves unavailable)
SInv    +            (boots unavailable)
Will    .....        (no amulet)
Stlth   ++           j - ring of poison resistance
HPRegen 0.24/turn    (no ring)
MPRegen 0.10/turn

%: no passive effects
@: beast-form
A: beast (slay +1), very small, claws 1, fangs 3, see invisible, shaggy fur 1,
stealthy paws, no weapons or thrown items, no armour, multi-lived
a: Begin Untransformation


You were on level 4 of the Dungeon.
You were a hulking beast.
You visited 1 branch of the dungeon, and saw 4 of its levels.

You collected 148 gold pieces.

Inventory:

Jewellery
 j - a ring of poison resistance (left paw)
Talismans
 b - a beast talisman (active)
 c - a flux talisman
 f - a maw talisman
Potions
 a - a potion of lignification
 d - 2 potions of curing
 e - 2 potions of heal wounds
 k - a potion of attraction {unknown}


   Skills:
 * Level 3.1 Fighting
 * Level 4.7 Dodging
 + Level 2.7 Stealth
 + Level 3.7 Unarmed Combat
 + Level 3.2 Shapeshifting


You had 4 spell levels left.
You didn't know any spells.
Your spell library contained the following spells:

 Spells                   Type           Power      Damage    Failure   Level
 Apportation              Tloc           0%         N/A       30%         1
 Jinxbite                 Hex            0%         N/A       43%         2
 Alistair's Intoxication  Alch           0%         N/A       100%        5


Dungeon Overview and Level Annotations

Branches:
Dungeon (4/15)
 Temple: D:4-7

Altars:

Annotations:
D:4 Edmund


Innate Abilities, Weirdness & Mutations

You are a hulking beast.
Your limbs bulge with bestial killing power. (Slay +1)
You have sharp claws.
You have razor-sharp teeth.
You have supernaturally acute eyesight. (SInv)
You are covered in fur. (AC +1)
Your paws help you pounce on unaware monsters.
You are incapable of wielding weapons or throwing items.
You cannot wear armour.
You gain extra lives every three experience levels.


Message History

The kobold shouts!
You hear a shout!
The kobold closely misses you.
You see here 13 gold pieces.
You completely miss the kobold. The kobold misses you.
You barely miss the kobold.
The kobold hits you with a +0 short sword.
You scratch the kobold.
The kobold is moderately wounded.
The kobold closely misses you.
You scratch the kobold.
You kill the kobold!
No target in view!
No target in view!
No target in view!
No target in view!
No target in view!
Edmund the Younger comes into view.
He is wielding a +3 flail of distortion and carrying a wand of polymorph.
Edmund zaps a wand.
You easily resist.
You scratch Edmund.
Edmund is lightly wounded.
Edmund hits you with a +3 flail of distortion!
You scratch Edmund.
Edmund is lightly wounded.
Edmund misses you.
You barely miss Edmund.
Edmund is lightly wounded.
Edmund hits you with a +3 flail of distortion!
* * * LOW HITPOINT WARNING * * *
You blink.
You are too injured to fight recklessly!
Unknown command.
Edmund barely misses you.
You scratch Edmund but do no damage.
Edmund is lightly wounded.
Edmund hits you with a +3 flail of distortion!
* * * LOW HITPOINT WARNING * * *
Space warps horribly around you!
Ouch! That really hurt!
You die...
Edmund whines, "They better pay attention to me now!"

#.# ..###...#)....# #
#.###.#....#....#.
###.##...#..>..#..)###
#...#....#....#.###.#)
#.....#...###...#).
#..$.#.###.#....#..
##.)ยง###...#.....#..
#.###.#....#....#...
##.h@#.....#...###..
#....#....#.###...##
#.....#...###........
#....#.###...###...##
#...###.........###..
.###...###...###...##
## ......###....>...
...###...###...##
####.........###..


You could see Edmund.

Vanquished Creatures
  A scorpion (D:3)
  A bombardier beetle (D:3)
  An orc priest (D:3)
  Robin (D:4)
  3 adders (D:3)
  A dart slug (D:2)
  A ribbon worm (D:2)
  6 orcs
  5 bats
  5 endoplasms
  4 giant cockroaches
  16 goblins
  4 hobgoblins
  A quokka (D:2)
  7 ball pythons
  4 kobolds
  3 rats
64 creatures vanquished.

Notes
Turn   | Place    | Note
-------+----------+-------------------------------------------
     0 | D:1      | senseless the Felid Shapeshifter began the quest for the
                  | Orb.
     0 | D:1      | Reached XP level 1. HP: 10/10 MP: 2/2
   218 | D:1      | Reached skill level 3 in Dodging
   259 | D:1      | Reached XP level 2. HP: 14/14 MP: 3/3
  1043 | D:2      | Reached skill level 1 in Stealth
  1097 | D:2      | Reached XP level 3. HP: 18/18 MP: 4/4
  1787 | D:3      | Reached XP level 4. HP: 21/23 MP: 5/5
  1787 | D:3      | Gained a life (2 lives remaining)
  1935 | D:4      | Noticed Robin
  2070 | D:4      | Killed Robin
  2084 | D:4      | Reached skill level 4 in Dodging
  2149 | D:4      | Killed from afar by an orc priest
  2149 | D:4      | Lost a life (1 life remaining)
  2150 | D:4      | Noticed a scorpion
  2177 | D:3      | Killed a scorpion
  2178 | D:3      | Reached XP level 5. HP: 19/27 MP: 6/6
  2570 | D:4      | Noticed Edmund
  2588 | D:4      | Mangled by Edmund
  2588 | D:4      | Lost a life (0 lives remaining)
  2588 | D:4      | Upgraded the game from 0.32-a0-171-g4625e66871 to
                  | 0.32-a0-290-g598725c5f2
  2600 | D:4      | Noticed Edmund
  2607 | D:4      | Mangled by Edmund

Illustrated notes

Levels and vault maps discovered:
D:1:      amcnicky_arrival_single_pillar, layout_basic, serial_forest,
          infiniplex_forest_clump_curved, infiniplex_forest_corner_1,
          infiniplex_forest_clump_C, infiniplex_forest_lined_room_2,
          infiniplex_forest_clump_small, infiniplex_forest_clump_medium,
          infiniplex_forest_end_2
D:2:      layout_basic
D:3:      layout_rooms
D:4:      nicolae_BIG_FREAKIN_CUBE, layout_cave_pools,
          mainiacjoe_overflow_large_starburst, nicolae_inconvenience_store,
          minmay_manual_mail, uniq_robin, uniq_edmund

Skill      XL: |  1  2  3  4  5 |
---------------+----------------+-----
Dodging        | 3 4 |  4.7
Stealth        | 1 2 |  2.7
Fighting       | 2 3 |  3.1
Shapeshifting  | 3 |  3.2
Unarmed Combat | |  3.7

Action                     |  1- 3 |  4- 6 || total
---------------------------+-------+-------++-------
  Melee: Unarmed           |   101 |   109 ||   210
         Punch             |     4 |     2 ||     6
         Bite              |     6 |     7 ||    13
    Use: Scroll            |       |     6 ||     6
         Potion            |       |     1 ||     1
   Stab: Sleeping          |     6 |       ||     6
         Distracted        |       |     1 ||     1
 Armour: Skin              |    27 |    37 ||    64
  Dodge: Dodged            |    82 |    85 ||   167

Table legend: (Time is in decaauts)
 A = Elapsed time spent in this place.
 B = Non-inter-level travel time spent in this place.
 C = Inter-level travel time spent in this place.
 D = Time resting spent in this place.
 E = Time spent auto-exploring this place.
 F = Levels seen in this place.
 G = Mean time per level.
                   A        B        C        D        E       F      G
               +--------+--------+--------+--------+--------+-----+--------+
         Total |   2594 |   2258 |    336 |    278 |   1429 |   4 |  648.5 |
       Dungeon |   2594 |   2258 |    336 |    278 |   1429 |   4 |  648.5 |
               +--------+--------+--------+--------+--------+-----+--------+

Top non-repeatable levels by time:
     D:2: 928 daAuts
     D:1: 794 daAuts
     D:3: 457 daAuts
     D:4: 413 daAuts
